 Dungeon Crawl Stone Soup version 0.19-a0-805-g0a78ef0 (webtiles) character file.

48 Fubayashi the Digger (level 3, 0/19 HPs)
             Began as a Gargoyle Earth Elementalist on June 27, 2016.
             Slain by a kobold
             ... wielding a +0 club
              (4 damage)
             ... on level 2 of the Dungeon.
             The game lasted 00:01:49 (1110 turns).

Fubayashi the Digger (Gargoyle Earth Elementalist)  Turns: 1110, Time: 00:01:50

Health: 0/19       AC:  7    Str: 11    XL:     3   Next: 72%
Magic:  1/7        EV: 12    Int: 16    God:
Gold:   41         SH:  0    Dex: 10    Spells: 1 memorised, 7 levels left

rFire  . . .     SeeInvis .     h - +0 mace
rCold  . . .     Gourm    .     c - +0 robe
rNeg   + . .     Faith    .     (no shield)
rPois  ∞         Spirit   .     a - +0 helmet
rElec  +         Dismiss  .     l - +0 cloak
rCorr  .         Reflect  .     (no gloves)
SustAt .         Harm     .     (no boots)
MR     .....                    (no amulet)
Stlth  ++........               (no ring)
                                (no ring)

@: not resistant to hostile enchantments, unstealthy
A: negative energy resistance 1, electricity resistance, unbreathing,
petrification resistance, rot immunity, AC +3
a: no special abilities


You were on level 2 of the Dungeon.
You were not hungry.

You visited 1 branch of the dungeon, and saw 2 of its levels.

You collected 41 gold pieces.

Inventory:

Hand Weapons
 h - a +0 mace (weapon)
Missiles
 b - 59 stones (quivered)
Armour
 a - a +0 helmet (worn)
 c - a +0 robe (worn)
 l - a +0 cloak (worn)
Jewellery
 g - an uncursed ring of protection from magic {unknown}
Scrolls
 k - 2 scrolls of identify {unknown}
 n - a scroll of recharging {unknown}
 o - a scroll of remove curse {unknown}
Potions
 f - a potion of flight {unknown}
 j - a potion of beneficial mutation {unknown}
 m - 2 potions of cancellation {unknown}
Books
 e - a book of Geomancy

   Spells                             Type                      Level
   a - Sandblast                      Earth                        1
   b - Passwall                       Transmutation/Earth          2
   c - Stone Arrow                    Conjuration/Earth            3
   d - Petrify                        Transmutation/Earth          4
   e - Lee's Rapid Deconstruction     Earth                        5
Comestibles
 d - a bread ration {@e1}
 i - a meat ration {@e1}


   Skills:
 - Level 1.5 Dodging
 - Level 2.1 Stealth
 * Level 3.0 Spellcasting
   Level 0.7 Transmutations
 + Level 4.4 Earth Magic


You had 7 spell levels left.
You knew the following spells:

 Your Spells              Type           Power        Failure   Level  Hunger
a - Sandblast             Erth           ###...       3%          1    #......


Dungeon Overview and Level Annotations

Branches:
Dungeon (2/15)

Altars:


Innate Abilities, Weirdness & Mutations

You are resistant to torment.
Your stone body is resilient. (AC +3)
You are immune to poison.
You resist negative energy. (rN+)
You are resistant to electric shocks. (rElec)
You can survive without breathing.
You are immune to petrification.
You are immune to rotting.


Message History

You closely miss the gnoll.
The gnoll is moderately wounded.
The gnoll closely misses you.
You hit the gnoll.
The gnoll is severely wounded.
The gnoll hits you with a club.
* * * LOW HITPOINT WARNING * * *
You barely miss the gnoll.
The gnoll is severely wounded.
The gnoll closely misses you. The gnoll misses you.
You hit the gnoll.
The gnoll is severely wounded.
The gnoll closely misses you.
You sock the gnoll!
You kill the gnoll!
Your Spellcasting skill increases to level 3!
You barely miss the kobold.
The kobold is severely wounded.
The kobold hits you with a club.
You die...

....###.#...#...#.#
##.........#.#...#####
#.#####.............#
#.#####..####.....#.#
#.[......# #.....#
#..####..# ##..?.#
#..# #..# #.#.## #..#
#..# #K#(# #..# #..#
#.@.# #..#
#..............▒ ...#
##.#######.##.#▒ ####
[# #.# .▒ #.# #.# ...
.#


You could see a kobold.

Vanquished Creatures
  3 gnolls (D:2)
  A dart slug (D:1)
  A bat (D:1)
  2 giant cockroaches (D:1)
  5 goblins
  3 hobgoblins (D:1)
  A giant newt (D:1)
16 creatures vanquished.

Notes
Turn   | Place    | Note
--------------------------------------------------------------
     0 | D:1      | Fubayashi the Gargoyle Earth Elementalist began the quest for the Orb.
     0 | D:1      | Reached XP level 1. HP: 10/10 MP: 3/3
   400 | D:1      | Reached XP level 2. HP: 12/15 MP: 5/5
   528 | D:1      | Reached skill level 4 in Earth Magic
  1097 | D:2      | Reached XP level 3. HP: 10/19 MP: 1/7
  1110 | D:2      | Slain by a kobold

Vault maps used:
D:1:      dpeg_chamrin_arrival_tetris
D:2:      gammafunk_temple_overflow_pools, nicolae_overflow_crystal_walls,
          kennysheep_generic_room_6

Skill      XL: |  1  2  3 |
---------------+----------+-----
Earth Magic    | 4 |  4.4
Spellcasting   | 3 |  3.0
Dodging        | |  1.5
Stealth        | |  2.1
Transmutations | |  0.7

Action                   || total
-------------------------++-------
Melee: Mace              ||    46
       Unarmed           ||     9
 Cast: Sandblast         ||     8
 Stab: Distracted        ||     1
  Eat: Chunk             ||     1
Armor: Robe              ||    23
Dodge: Dodged            ||    44
